 Dungeon Crawl Stone Soup version 0.30-a0-639-g3916f1956a (webtiles) character file.

Game seed: 7612040078391853807

253 timneilson the Slasher (level 5, -6/41 HPs)
             Began as a Demonspawn Gladiator on Jan 15, 2023.
             Killed by an exploding goblin (23 damage)
             ... ignited by their inner flame
             ... on level 4 of the Dungeon.
             The game lasted 00:05:33 (2639 turns).

timneilson the Slasher (Demonspawn Gladiator)       Turns: 2639, Time: 00:05:34

Health: -6/41      AC: 18    Str: 16    XL:     5   Next: 90%
Magic:  5/5        EV: 12    Int: 10    God:
Gold:   137        SH:  5    Dex: 14    Spells: 4/4 levels left

rFire   . . .      SeeInvis .    a - +0 long sword
rCold   . . .      Faith    .    (no shield)
rNeg    . . .      Spirit   .    n - +0 ring mail
rPois   .          Reflect  +    c - +0 helmet
rElec   .          Harm     .    (no cloak)
rCorr   .          Rampage  .    (no gloves)
Will    +....                    m - +2 pair of boots
Stlth   +                        b - amulet of reflection
HPRegen 0.26/turn                i - ring of willpower
MPRegen 0.09/turn                (no ring)

@: sanguine armoured
A: sanguine armour 2
a: no special abilities


You were on level 4 of the Dungeon.
You visited 1 branch of the dungeon, and saw 4 of its levels.

You collected 137 gold pieces.

Inventory:

Hand Weapons
 a - a +0 long sword (weapon)
Missiles
 d - 3 throwing nets (quivered)
 e - a javelin
Armour
 c - a +0 helmet (worn)
 m - a +2 pair of boots (worn)
 n - a +0 ring mail (worn)
Jewellery
 b - an amulet of reflection (around neck)
 i - a ring of willpower (left hand)
Wands
 o - a wand of roots (15)
Scrolls
 k - a scroll of amnesia
 l - a scroll of immolation
 r - a scroll of vulnerability {unknown}
 t - a scroll of enchant armour {unknown}
Potions
 f - a potion of might
 g - a potion of cancellation {unknown}
 h - 2 potions of brilliance
 j - a potion of berserk rage {unknown}
 p - a potion of haste
 q - a potion of flight {unknown}
 s - 2 potions of resistance {unknown}


   Skills:
 + Level 3.1 Fighting
 * Level 4.0 Long Blades
 - Level 1.7 Throwing
 * Level 2.6 Armour
 + Level 3.4 Dodging
 + Level 1.1 Evocations


You had 4 spell levels left.
You didn't know any spells.
Your spell library was empty.

Dungeon Overview and Level Annotations

Branches:
Dungeon (4/15)
 Temple: D:4-7

Altars:
Hepliaklqana

Shops:
D:1 :   D:3 :

Annotations:
D:4 1 runed translucent door, wormed's ghost, amateur OpTm


Innate Abilities, Weirdness & Mutations

When seriously injured, your blood forms thick armour. (AC +9)


Message History

The adder completely misses you.
Robin roars a battlecry!
The goblins go into a battle-frenzy!
The goblin shouts!
You slash Robin!
You kill Robin!
The jackal bites you but does no damage. x2
The adder misses you. The jackal barely misses you.
The goblin barely misses you.
The goblin hits you with a +1 dagger of flaming.
The goblin burns you. The jackal closely misses you.
Unknown command.
You completely miss the goblin. You block the jackal's attack.
The jackal barely misses you. The adder bites you but does no damage.
You block the jackal's attack. The goblin misses you. The jackal misses you.
The goblin barely misses you. The adder bites you but does no damage.
The jackal bites you but does no damage.
Unknown command.
Really read the scroll of immolation?
As you read the scroll of immolation, it crumbles to dust.
The creatures around you are filled with an inner flame!
The goblin no longer looks unusually strong.
You block the jackal's attack. x2; The goblin hits you with a +0 club.
The goblin barely misses you. The jackal closely misses you.
You block the adder's attack. The jackal closely misses you. x2
You hit the goblin but do no damage.
The hobgoblin no longer looks unusually strong.
The jackal bites you but does no damage.
The adder bites you but does no damage. The goblin closely misses you.
The jackal barely misses you. You block the goblin's attack.
The jackal bites you but does no damage.
The jackal closely misses you.
Unknown command.
You hit the goblin.
The goblin explodes!
The fiery explosion engulfs the jackal!!
The fiery explosion engulfs the adder!!!
The fiery explosion engulfs you!!
Ouch! That really hurt!
You die... # ###...... # ....... # .####.$.... # .......... # ........# ## #gggh.

###### #. #.ghh###
.....####. #.g§@g.###
.......)..
#..§)#...##..........
#..§g###.............
.......# #......##.....
........# #......##.....
....)...###..######.....
.............#.....##...
.......).....#.....#<.##
#.......'.....#.##


You could see 3 jackals, a hobgoblin (inner flame) and 6 goblins.

Vanquished Creatures
  2 hounds (D:4)
  Robin (D:4)
  5 gnolls
  6 adders
  A worm (D:2)
  3 dart slugs
  4 orcs (D:3)
  8 ball pythons
  4 bats
  7 endoplasms
  2 giant cockroaches
  13 goblins
  4 hobgoblins
  A jackal (D:4)
  7 kobolds
  A quokka (D:1)
  7 frilled lizards
  7 rats
83 creatures vanquished.

Notes
Turn   | Place    | Note
-------+----------+-------------------------------------------
     0 | D:1      | timneilson the Demonspawn Gladiator began the quest for the
                  | Orb.
     0 | D:1      | Reached XP level 1. HP: 16/16 MP: 1/1
   170 | D:1      | Gained mutation: When seriously injured, your blood forms
                  | armour. (AC +9) [demonic ancestry]
   170 | D:1      | Reached XP level 2. HP: 22/22 MP: 2/2
   321 | D:1      | Found Aralakk's Vocational Training.
   420 | D:1      | Reached skill level 3 in Long Blades
   420 | D:1      | Reached skill level 1 in Armour
   828 | D:2      | Reached XP level 3. HP: 27/27 MP: 3/3
   930 | D:2      | Gained mutation: When seriously injured, your blood forms
                  | thick armour. (AC +9) [demonic ancestry]
   930 | D:2      | Reached XP level 4. HP: 34/34 MP: 2/4
  1701 | D:3      | Found Monnogg's Book Shop.
  1923 | D:3      | Found a hazy altar of Hepliaklqana.
  2334 | D:4      | Reached XP level 5. HP: 40/40 MP: 5/5
  2431 | D:4      | Reached skill level 1 in Evocations
  2464 | D:4      | Reached skill level 4 in Long Blades
  2568 | D:4      | Found a runed translucent door.
  2568 | D:4      | Noticed wormed's ghost (amateur OpTm)
  2620 | D:4      | Noticed Robin
  2635 | D:4      | Killed Robin
  2639 | D:4      | Killed by an exploding goblin... ignited by their inner
                  | flame

Illustrated notes

Levels and vault maps discovered:
D:1:      scummos_arrival_hexagon, layout_basic, minivault_25,
          nicolae_shop_vocational
D:2:      layout_basic, minmay_misc_feat_tower, minmay_vboxes
D:3:      layout_loops_cross, nicolae_hepliaklqana_hippocampus, serial_shops,
          nicolae_square_shop
D:4:      layout_basic, grunt_temple_overflow_open,
          hellmonk_ghost_happy_afterlife, uniq_robin

Skill      XL: |  1  2  3  4  5 |
---------------+----------------+-----
Long Blades    | 3 4 |  4.0
Armour         | 1 2 |  2.6
Dodging        | 3 |  3.4
Fighting       | 3 |  3.1
Evocations     | 1 |  1.1
Throwing       | |  1.7

Action                   |  1- 3 |  4- 6 || total
-------------------------+-------+-------++-------
Melee: Long sword        |   110 |   203 ||   313
       Punch             |     2 |     1 ||     3
  Use: Scroll            |       |     9 ||     9
Armor: Leather armour    |    29 |       ||    29
       Ring mail         |    30 |    94 ||   124
Dodge: Dodged            |   101 |   146 ||   247
Block: Other             |       |    28 ||    28

Table legend: (Time is in decaauts)
 A = Elapsed time spent in this place.
 B = Non-inter-level travel time spent in this place.
 C = Inter-level travel time spent in this place.
 D = Time resting spent in this place.
 E = Time spent auto-exploring this place.
 F = Levels seen in this place.
 G = Mean time per level.
                   A        B        C        D        E       F      G
               +--------+--------+--------+--------+--------+-----+--------+
         Total |   2709 |   2583 |    126 |      0 |   1836 |   4 |  677.2 |
       Dungeon |   2709 |   2583 |    126 |      0 |   1836 |   4 |  677.2 |
               +--------+--------+--------+--------+--------+-----+--------+

Top non-repeatable levels by time:
     D:2: 839 daAuts
     D:1: 819 daAuts
     D:3: 707 daAuts
     D:4: 342 daAuts
